[Event "Late-Titled-Tuesday-Blitz-February-27-2024"]
[Site "Chess.com"]
[Date "2024.02.27"]
[Round "3"]
[White "Practical-Play"]
[Black "LUISMIGUELOV"]
[Result "1-0"]
[WhiteElo "2531"]
[BlackElo "2185"]
[TimeControl "180+1"]
[EndTime "14:28:58 PST"]
[Termination "Practical-Play won on time"]

1. b3 e5 2. Bb2 d6 3. e3 Bf5 4. Nf3 g6 5. d4 exd4 6. Qxd4 f6 7.
Bc4 Nc6 8. Qd5 Qe7 9. Nc3 Bg7 10.
e4 Bd7 11. O-O-O Nh6 12. Rhe1 O-O-O 13. h3 Rhe8 14. a3 f5 15. exf5 Qf8 16. fxg6 hxg6 17. Qd2 Nf5 18. Nd5 Bh6 19. Ne3 Nxe3 20. fxe3 Bxh3 21.
Kb1 Bf5 22. Nd4 Nxd4 23. Bxd4 Kb8 24. Qa5 b6 25. Qa6 Bc8 26. Qa4 Bb7 27. Bb5 Re4 28. Bc6 Bxc6 29. Qxc6 Qe8 30. Qc3 Qe6 31. Rf1 Re8 32. Rf6 Qe7 33. Rxg6 Bxe3 34. Bxe3 Rxe3 35. Qc6 Qh7 36. Rf6 Rxb3+ 37. Ka2 Rbe3 38. Rdf1 Re2 39. R6f2 Qg8+ 40. Rf7 Qxg2 41. Qxc7+ 1-0

[Event "Late-Titled-Tuesday-Blitz-February-27-2024"]
[Site "Chess.com"]
[Date "2024.02.27"]
[Round "3"]
[White "boguszp"]
[Black "AlexTruskavetsky"]
[Result "0-1"]
[WhiteElo "2016"]
[BlackElo "2700"]
[TimeControl "180+1"]
[EndTime "14:28:59 PST"]
[Termination "AlexTruskavetsky won on time"]

1. d4 Nf6 2. Bf4 g6 3. Nc3 d5 4.
e3 Bg7 5. Nf3 O-O 6. Bd3 b6 7.
h3 Bb7 8. O-O Nbd7 9. Qe2 Ne4 10. Bxe4 dxe4 11. Nd2 f5 12. Qc4+ Kh8 13. Qxc7 Qxc7 14.
Bxc7 Rac8 15. Bf4 e5 16. dxe5 Nxe5 17. Nb3 Nc4 18. Nd4 a6 19. Ne6 Rfe8 20. Nxg7 Kxg7 21. b3 Na3 22. Ne2 Nxc2 23. Rac1 Nb4 24. a3 Nd3 25. Rc4 Bd5 26. Rxc8 Rxc8 27. Nd4 Rc3 28. b4 Rxa3 29. Bc7 b5 30. Rd1 Rc3 31. Bd6 Bb3 32. Rd2 Ba4 33.
Ne2 Rc6 34. Bg3 Kf6 35. Kh2 Rc2 36. Rxc2 Bxc2 37. Nd4 Ba4 38. Bd6 Nxf2 39. Bc5 Nd1 40.
Nc6 Ke6 41. Nb8 Kd5 42. Nxa6 g5 43. Kg3 h6 44. h4 Ke6 45. hxg5 hxg5 46. Kh3 Nc3 47. g4 f4 48. Kg2 Nd5 49. Kf2 Bd1 50. Nb8 Bxg4 51. Nc6 Nc3 52. Nd4+ Kd5 53. exf4 gxf4 54.
Nb3 e3+ 55. Ke1 Kc4 56. Na5+ Kd3 57. Nc6 Bf5 58. Ne5+ Ke4 0-1

[Event "Late-Titled-Tuesday-Blitz-February-27-2024"]
[Site "Chess.com"]
[Date "2024.02.27"]
[Round "3"]
[White "KamilGrycel"]
[Black "rychessmaster1"]
[Result "1-0"]
[WhiteElo "2496"]
[BlackElo "2700"]
[TimeControl "180+1"]
[EndTime "14:29:00 PST"]
[Termination "KamilGrycel won by resignation"]

1. d4 f5 2. Nf3 Nf6 3. Bf4 g6 4. e3 Bg7 5. h3 b6 6. Be2 Bb7 7. c4 O-O 8. Nc3 d6 9. O-O Nbd7 10. Rc1 e6 11. b4 Qe7 12. Bh2 Ne4 13. Qb3 Kh8 14. Rfd1 h6 15. c5 bxc5 16. bxc5 Rfb8 17. cxd6 cxd6 18. Qa3 Ndf6 19. Nb5 Ne8 20. Qa5 Bd5 21.
Nc3 Nxc3 22. Rxc3 Rb2 23. Rd2 Rb1+ 24. Bf1 Rab8 25. Rdc2 Kh7 26. Nd2 Rd1 27. Nb3 Qg5 28.
Bg3 h5 29. h4 Qe7 30. Rc1 Rxc1 31. Nxc1 Nf6 32. Rc7 Qf8 33. Qxa7 Ne4 34. Rxg7+ Qxg7 35. Qxb8 g5 36. Bxd6 Nxd6 37. Qxd6 gxh4 38. Qe5 Qg6 39.
Nd3 Be4 40. Nf4 Qg4 41. Nxe6 h3 42. Qg3 hxg2 43. Bxg2 Bb1 44. Qxg4 fxg4 45. a4 h4 46. a5 Bd3 47. Nf4 Bc4 48. Bb7 g3 49. fxg3 hxg3 50.
a6 Bxa6 51. Bxa6 Kh6 52. Kg2 Kg5 53. Kxg3 Kf5 54. Kf3 Kg5 55. Bd3 Kf6 56. Ke4 1-0

[Event "Late-Titled-Tuesday-Blitz-February-27-2024"]
[Site "Chess.com"]
[Date "2024.02.27"]
[Round "3"]
[White "Joachim100x"]
[Black "yaguigor"]
[Result "1/2-1/2"]
[WhiteElo "2447"]
[BlackElo "2621"]
[TimeControl "180+1"]
[EndTime "14:29:00 PST"]
[Termination "Game drawn by repetition"]

1. Nc3 c5 2. e4 Nc6 3. Nge2 g6 4. d4 cxd4 5. Nxd4 Bg7 6. Be3 Nf6 7. Bc4 O-O 8. Bb3 Re8 9. O-O d6 10. h3 Na5 11. Re1 Nxb3 12. axb3 a6 13. Qd2 Nd7 14. Rad1 Ne5 15. f4 Nc6 16. Nf3 b5 17. Nd5 Rb8 18. Nd4 Bb7 19. Nxc6 Bxc6 20. Bd4 e5 21. fxe5 Bxe5 22.
Bxe5 Rxe5 23. Qf4 Bxd5 24. Rxd5 Qb6+ 25. Kh2 Rbe8 26. Rf1 f5 27. Rxe5 Rxe5 28. exf5 Rxf5 29. Qc1 Qc5 30. Rxf5 Qxf5 31. c3 Qe5+ 32. Kh1 d5 33. Qd2 a5 34. Qd3 b4 35. Kg1 bxc3 36. bxc3 Kf7 37.
Qb5 Qe1+ 38. Kh2 Qxc3 39. Qxd5+ Ke7 40. Qb7+ Kf6 41. Qb6+ Ke5 42. Qb5+ Ke4 43. Qb7+ Kd3 44. Qxh7 Qe5+ 45. Kh1 Qe1+ 46. Kh2 Qe5+ 47. Kh1 Qe1+ 48. Kh2 Qe5+ 1/2-1/2

[Event "Late-Titled-Tuesday-Blitz-February-27-2024"]
[Site "Chess.com"]
[Date "2024.02.27"]
[Round "3"]
[White "trriinu"]
[Black "Machidon"]
[Result "0-1"]
[WhiteElo "2246"]
[BlackElo "2495"]
[TimeControl "180+1"]
[EndTime "14:29:01 PST"]
[Termination "Machidon won on time"]

1. e4 Nf6 2. e5 Nd5 3. d4 d6 4. c4 Nb6 5. exd6 exd6 6. Nc3 Be7 7. h3 O-O 8. Nf3 Bf5 9. Be2 Nc6 10. a3 Bf6 11. O-O d5 12. c5 Nc8 13. Bf4 N8e7 14. b4 a6 15. Re1 Be4 16. Ne5 Ng6 17. Nxc6 bxc6 18. Be3 Bf5 19. Bd3 Qd7 20. Qc2 Nh4 21. Bxf5 Nxf5 22. Rad1 Rfe8 23. Qd3 Re7 24. Ne2 a5 25.
Nf4 axb4 26. axb4 Rae8 27. b5 Nxd4 28. Bd2 Rxe1+ 29. Rxe1 Rxe1+ 30. Bxe1 Nxb5 31. Bd2 g6 32. g4 Kg7 33. Ne2 Qe7 34. Ng3 Qxc5 35. g5 Be5 36. Ne2 Qc4 37. Qf3 Qe4 38. Qxe4 dxe4 0-1

[Event "Late-Titled-Tuesday-Blitz-February-27-2024"]
[Site "Chess.com"]
[Date "2024.02.27"]
[Round "3"]
[White "Piotrek1979"]
[Black "CarlosAlbornoz"]
[Result "0-1"]
[WhiteElo "2456"]
[BlackElo "2780"]
[TimeControl "180+1"]
[EndTime "14:29:02 PST"]
[Termination "CarlosAlbornoz won by resignation"]

1. Nf3 Nf6 2. e3 b6 3. b3 Bb7 4.
Bb2 g6 5. g3 Bg7 6. Bg2 O-O 7.
O-O c5 8. c4 Nc6 9. d3 d5 10.
a3 d4 11. e4 Nd7 12. Nbd2 a6 13. Qe2 b5 14. Rab1 Rb8 15. h4 h6 16. h5 g5 17. Bh3 e6 18. Ne1 f5 19. exf5 exf5 20.
Qe6+ Kh8 21. Bxf5 Nce5 22. Be4 Qc8 23. cxb5 axb5 24. b4 Bxe4 25. Nxe4 Rb6 26. Qd5 c4 27. Bxd4 Ra6 28. dxc4 Qxc4 29. Qxc4 Nxc4 30. Bxg7+ Kxg7 31. Nc2 Nde5 32. Nc5 Raf6 33. Nd4 Kh7 34. f4 gxf4 35. gxf4 Rg8+ 36. Kh1 Nc6 37. Nxc6 Rxc6 38. Rbd1 Rf6 39.
Rd7+ Kh8 40. f5 Ne5 41. Re7 Ng4 42. Ne6 Ne3 43. Rf3 Nxf5 44. Nf4 Nxe7 45. Ng6+ Rgxg6 46. Re3 Re6 47. Kh2 Rxe3 0-1

[Event "Late-Titled-Tuesday-Blitz-February-27-2024"]
[Site "Chess.com"]
[Date "2024.02.27"]
[Round "3"]
[White "PositionalPanther"]
[Black "Alex_Sahakyan2006"]
[Result "0-1"]
[WhiteElo "2502"]
[BlackElo "2807"]
[TimeControl "180+1"]
[EndTime "14:29:02 PST"]
[Termination "Alex_Sahakyan2006 won by resignation"]

1. Nf3 d5 2. g3 Bg4 3. Bg2 Nd7 4. d4 e6 5. O-O Ngf6 6. h3 Bf5 7. c4 c6 8. cxd5 exd5 9. Qb3 Qb6 10. Nc3 Qxb3 11.
axb3 Bc2 12. Bf4 Bxb3 13. Nd2 Bc2 14. e4 dxe4 15. Ndxe4 Nxe4 16. Nxe4 Bxe4 17. Bxe4 Nf6 18. Bf5 Bb4 19. Be5 O-O 20. Bxf6 gxf6 21. Be4 Rfd8 22. Rfd1 Bd6 23. d5 c5 24. f4 a6 25. Kf2 c4 26.
Kf3 h5 27. g4 hxg4+ 28. hxg4 Kg7 29. Rh1 Rh8 30. Bf5 Bc5 31. Rad1 Rxh1 32. Rxh1 Rd8 33.
Rd1 Rd6 34. Bc8 Rb6 35. Rd2 Bd6 36. Ke4 Rb4 37. Kf5 c3 38. Rf2 cxb2 39. g5 b1=Q+ 40. Kg4 Qg1+ 41. Kf5 Rxf4+ 42. Rxf4 Qxg5+ 43. Ke4 Qxf4+ 44. Kd3 Qe5 0-1

[Event "Late-Titled-Tuesday-Blitz-February-27-2024"]
[Site "Chess.com"]
[Date "2024.02.27"]
[Round "3"]
[White "marcodobrikov"]
[Black "NCchamp"]
[Result "1-0"]
[WhiteElo "2578"]
[BlackElo "2344"]
[TimeControl "180+1"]
[EndTime "14:29:02 PST"]
[Termination "marcodobrikov won by checkmate"]

1. Nf3 d5 2. c4 c6 3. Nc3 Nf6 4. d4 a6 5. c5 g6 6. h3 Bg7 7.
Bf4 O-O 8. e3 Nbd7 9. b4 Ne8 10.
Bh2 Nc7 11. a4 Re8 12. Be2 e5 13. O-O f5 14. b5 Nxc5 15. dxc5 e4 16. Nd4 Ne6 17.
bxc6 Nxc5 18. cxb7 Bxb7 19. Rb1 Rc8 20. Qd2 Re7 21.
Rfc1 Qa5 22. Nxe4 Qxd2 23. Nxd2 Bxd4 24. exd4 Rxe2 25. dxc5 Rxd2 26. Rxb7 Rxc5 27. Re1 Re2 28. Kf1 Rxe1+ 29. Kxe1 Rc1+ 30. Kd2 Ra1 31. Be5 Ra2+ 32. Ke3 Rxa4 33. Rg7+ Kf8 34. Bf6 d4+ 35. Kd3 Ra3+ 36.
Kxd4 Ra2 37. Ke3 Ra3+ 38. Kf4 Ra4+ 39. Kg3 f4+ 40. Kf3 Ra3+ 41. Kxf4 Ra2 42. Kg3 a5 43. Rxh7 a4 44. Rg7 a3 45. Rxg6 Kf7 46. Rh6 Rd2 47. Be5 a2 48. Ra6 Re2 49. f4 Re3+ 50. Kg4 Re2 51. Kf5 Rxg2 52. Ra7+ Kg8 53. h4 Rh2 54. Kf6 Rxh4 55. Rxa2 Rh6+ 56. Kg5 Rb6 57. Ra7 Rc6 58. f5 Rc5 59. Kg6 Rxe5 60. Ra8+ Re8 61. Rxe8# 1-0

[Event "Late-Titled-Tuesday-Blitz-February-27-2024"]
[Site "Chess.com"]
[Date "2024.02.27"]
[Round "3"]
[White "katharinareinecke"]
[Black "Laico"]
[Result "0-1"]
[WhiteElo "2008"]
[BlackElo "2379"]
[TimeControl "180+1"]
[EndTime "14:29:02 PST"]
[Termination "Laico won on time"]

1. e4 e6 2. d4 d5 3. e5 c5 4.
c3 Nc6 5. Nf3 Bd7 6. Bd3 Qb6 7.
dxc5 Bxc5 8. O-O a5 9. Nbd2 a4 10. c4 Nge7 11. cxd5 exd5 12. b3 Nb4 13. Bb1 Bd4 14. Nxd4 Qxd4 15. Nc4 Qxa1 16. Bb2 dxc4 17. Bxa1 axb3 18. axb3 Rxa1 19. bxc4 Bf5 20. Qb3 Rxb1 21. Rxb1 Bxb1 22. Qxb4 Be4 23. c5 Bc6 24. Qd4 O-O 25. Qd6 Ng6 26. e6 fxe6 27. Qxe6+ Kh8 28. h3 Nf4 29.
Qe7 Kg8 30. Kh2 Bxg2 31. Kg3 Bxh3 32. Qd6 Bg2 33. f3 h5 34. c6 bxc6 35. Qxc6 h4+ 36.
Kh2 h3 37. Qc4+ Kh7 38. Kg1 Rf6 39. Qc2+ Kh6 0-1

[Event "Late-Titled-Tuesday-Blitz-February-27-2024"]
[Site "Chess.com"]
[Date "2024.02.27"]
[Round "3"]
[White "GodzillaChessYoutube"]
[Black "N_Mullodzhanov"]
[Result "1-0"]
[WhiteElo "2656"]
[BlackElo "2462"]
[TimeControl "180+1"]
[EndTime "14:29:03 PST"]
[Termination "GodzillaChessYoutube won by checkmate"]

1. d4 Nf6 2. Bf4 g6 3. Nc3 d5 4. Nb5 Na6 5. e3 Bg7 6. h4 Ne4 7. h5 g5 8. h6 Bf8 9. Be5 Rg8 10. Nc3 Nxc3 11. bxc3 f6 12. Qh5+ Rg6 13. Qxg6+ hxg6 14. h7 fxe5 15. h8=Q Bf5 16. Qxe5 Qd7 17. a4 e6 18.
Bb5 c6 19. Bxa6 bxa6 20. Rb1 Bxc2 21. Rb8+ Rxb8 22. Qxb8+ Kf7 23. Rh7+ Bg7 24. Nf3 Qe7 25. Nxg5+ Qxg5 26. Qc7+ Qe7 27. Rxg7+ Kxg7 28. Qxe7+ Kh6 29.
a5 Bd3 30. f4 Bf5 31. g3 Bg4 32. Qxa7 Bf5 33. Qxa6 Be4 34. Qxc6 Bd3 35. Qxe6 Bc4 36. Qe7 Ba6 37. Kf2 Bb5 38. g4 g5 39. fxg5+ Kg6 40.
Qf6+ Kh7 41. g6+ Kh6 42. Qf7 Bd3 43. g7 Bh7 44. Qf6+ Bg6 45. g5+ Kh7 46. Qxg6+ Kxg6 47. g8=Q+ Kh5 48. g6 Kg5 49. Qf7 Kh5 50. g7+ Kh6 51. Kf3 Kg5 52. g8=Q+ Kh4 53. Qfh7# 1-0

[Event "Late-Titled-Tuesday-Blitz-February-27-2024"]
[Site "Chess.com"]
[Date "2024.02.27"]
[Round "3"]
[White "dimoni64"]
[Black "Chessdude1987"]
[Result "0-1"]
[WhiteElo "1964"]
[BlackElo "2376"]
[TimeControl "180+1"]
[EndTime "14:29:04 PST"]
[Termination "Chessdude1987 won by checkmate"]

1. d4 e6 2. c4 f5 3. Nc3 Nf6 4.
Bg5 Bb4 5. a3 Bxc3+ 6. bxc3 h6 7. Bf4 d6 8. h4 Qe7 9. Nf3 Nbd7 10. e3 e5 11. dxe5 dxe5 12. Bh2 Ng4 13. Be2 O-O 14. O-O Nxh2 15. Nxh2 Qxh4 16. c5 Kh8 17. Nf3 Qe7 18. c6 bxc6 19. Qa4 Nc5 20. Qxc6 Bb7 21. Qb5 Bxf3 22.
Bxf3 e4 23. Be2 Rab8 24. Qa5 Nb3 25. Qxa7 Nxa1 26. Rxa1 Rb2 27. Bf1 Qd6 28. a4 Qd2 29. Qxc7 Qxf2+ 30. Kh1 Qxe3 31. a5 Ra8 32. a6 Qa7 33.
Qe5 Rbb8 34. Qxf5 Re8 35. c4 e3 36. Be2 Rab8 37. c5 Rb2 38. Bd3 g6 39. Qxg6 Qg7 40.
Qxe8+ Qg8 41. Qe5+ Qg7 42. Qxe3 Qxg2# 0-1

[Event "Late-Titled-Tuesday-Blitz-February-27-2024"]
[Site "Chess.com"]
[Date "2024.02.27"]
[Round "3"]
[White "mishanick"]
[Black "Aleksandar-Topalov"]
[Result "0-1"]
[WhiteElo "3054"]
[BlackElo "2375"]
[TimeControl "180+1"]
[EndTime "14:29:05 PST"]
[Termination "Aleksandar-Topalov won by resignation"]

1. d4 Nf6 2. c4 g6 3. Nc3 Bg7 4. e4 d6 5. Nf3 O-O 6. Be2 c5 7. d5 e6 8. Be3 Re8 9. Nd2 Na6 10. O-O Nc7 11. h3 Rb8 12. a4 b6 13.
Bd3 a6 14. Qf3 exd5 15. exd5 Nd7 16. Qd1 Ne5 17. Be2 f5 18. Bf4 Bd7 19. Re1 b5 20. axb5 axb5 21. cxb5 Nxb5 22. Bxb5 Bxb5 23. Nxb5 Rxb5 24.
Bxe5 Bxe5 25. Nc4 Rb4 26. Qd3 Bxb2 27. Rxe8+ Qxe8 28. Nxd6 Qb8 29. Ra6 Be5 30. g3 Bxd6 31. Qa3 Bf8 32. Re6 Qb7 33. Qd3 Rd4 34. Qc2 Qxd5 35.
Re1 Rd2 36. Qc3 Qd4 37. Qf3 c4 38. Re8 c3 39. Rc8 c2 40. Qb3+ Kg7 41. Rc7+ Kh6 42.
Qf3 Bc5 43. Rxc5 Qxc5 44. Qf4+ Kg7 45. Qxd2 c1=Q+ 0-1

[Event "Late-Titled-Tuesday-Blitz-February-27-2024"]
[Site "Chess.com"]
[Date "2024.02.27"]
[Round "3"]
[White "jcibarra"]
[Black "nindjaxx8"]
[Result "1-0"]
[WhiteElo "2942"]
[BlackElo "2672"]
[TimeControl "180+1"]
[EndTime "14:29:08 PST"]
[Termination "jcibarra won by resignation"]

1. e4 e6 2. d4 d5 3. Nc3 Bb4 4. Ne2 dxe4 5. a3 Bxc3+ 6. Nxc3 Nf6 7.
Bg5 h6 8. Bxf6 Qxf6 9. Nxe4 Qe7 10. Qd3 O-O 11. O-O-O Bd7 12. Qg3 Bc6 13. Bd3 Nd7 14. Qxc7 Bxe4 15. Bxe4 Rfc8 16. Qg3 Nf6 17. Rhe1 Rab8 18.
Rd2 b5 19. d5 Nxe4 20. Rxe4 Qb7 21. Rg4 f5 22. Rgd4 e5 23. Qxe5 Re8 24. Qxf5 Qb6 25. d6 Rbd8 26. Qd5+ Kh8 27. d7 Re7 28. Qd6 Re1+ 29. Rd1 Rxd1+ 30. Kxd1 Qb7 31. Qd5 Qc7 32. g3 a5 33. c3 b4 34. axb4 axb4 35. c4 Qa7 36.
Rd2 Qa1+ 37. Ke2 Qb1 38. c5 Qg6 39. Kf3 h5 40. h4 Qg4+ 41. Kg2 Qg6 42. c6 Qf6 43. c7 Rf8 1-0

[Event "Late-Titled-Tuesday-Blitz-February-27-2024"]
[Site "Chess.com"]
[Date "2024.02.27"]
[Round "3"]
[White "Unkreativ3"]
[Black "cthulhuuu"]
[Result "0-1"]
[WhiteElo "2611"]
[BlackElo "2446"]
[TimeControl "180+1"]
[EndTime "14:29:08 PST"]
[Termination "cthulhuuu won by checkmate"]

1. e4 d6 2. d4 Nf6 3. Nc3 c6 4. Bd3 b5 5. Nce2 e5 6. c3 Be7 7. Nf3 Qc7 8. O-O O-O 9. a4 a6 10. axb5 cxb5 11. Ng3 Bb7 12. Re1 Re8 13. Nh4 g6 14. Nf3 Nbd7 15. c4 bxc4 16. Bxc4 Qxc4 17. Ra4 Qc7 18. Bd2 exd4 19. Ba5 Qc8 20. Nxd4 Nc5 21. Rc4 Bd8 22. Bc3 Qd7 23. Ndf5 gxf5 24. Rxc5 dxc5 25. Qc1 Nxe4 26. Nh5 f6 27. Rd1 Qf7 28. Nf4 Nxc3 29. Qxc3 Bc7 30. Nd3 Rad8 31. Ra1 Qg6 32. g3 Qg4 33. Qb3+ Bd5 34. Qd1 Qf3 35. Qxf3 Bxf3 36. Nxc5 Bb6 37. Nxa6 Rd2 38. Nb4 Rxf2 39. h4 Rg2+ 40.
Kf1 Rh2 41. Nd3 Rh1# 0-1

[Event "Late-Titled-Tuesday-Blitz-February-27-2024"]
[Site "Chess.com"]
[Date "2024.02.27"]
[Round "3"]
[White "ural58"]
[Black "lucasmito"]
[Result "0-1"]
[WhiteElo "2505"]
[BlackElo "2846"]
[TimeControl "180+1"]
[EndTime "14:29:09 PST"]
[Termination "lucasmito won on time"]

1. e4 e5 2. f4 exf4 3. Bc4 d5 4.
Bxd5 Nf6 5. Nc3 Bb4 6. Nf3 Bxc3 7. dxc3 c6 8. Bc4 Qxd1+ 9. Kxd1 O-O 10. Re1 Be6 11.
Bd3 Nh5 12. b3 Nd7 13. a4 Nc5 14. b4 Nd7 15. Nd4 Ne5 16. Be2 Bg4 17. Rf1 g5 18. Bxg4 Nxg4 19. h3 Ne5 20. Ke2 Ng3+ 21. Kf2 Nxf1 22. Kxf1 Rfe8 23. g3 Ng6 24. gxf4 gxf4 25.
Kf2 Rxe4 26. Bd2 Rae8 27. Rg1 h5 28. Rg5 R8e5 29. Rg2 Kh7 30. Rg1 b6 31. Bc1 c5 32.
bxc5 bxc5 33. Nb5 Re2+ 34. Kf3 Rxc2 35. Nd6 Rxc3+ 36. Kf2 Rc2+ 37. Kf3 Rc3+ 38. Kf2 Kg8 39. h4 Rc2+ 40. Kf3 Rd5 0-1

[Event "Late-Titled-Tuesday-Blitz-February-27-2024"]
[Site "Chess.com"]
[Date "2024.02.27"]
[Round "3"]
[White "rcmz"]
[Black "Road2GM3000"]
[Result "1-0"]
[WhiteElo "2201"]
[BlackElo "2408"]
[TimeControl "180+1"]
[EndTime "14:29:09 PST"]
[Termination "rcmz won by resignation"]

1. b4 e6 2. Bb2 Nf6 3. a3 a5 4. b5 d5 5. e3 c5 6. c4 b6 7. f4 Bb7 8. Nf3 Nbd7 9. Be2 Be7 10. O-O O-O 11. Qc2 Qc7 12. Ne5 Bd6 13. Nxd7 Nxd7 14.
Bf3 dxc4 15. Qxc4 e5 16. Qc3 f6 17. f5 e4 18. Be2 Bxh2+ 19. Kh1 Be5 20. Bc4+ Kh8 21.
Qc2 Bxb2 22. Qxb2 Ne5 23. Be6 Ng4 24. Rf4 Qe5 25. Nc3 Nh6 26. Raf1 Rad8 27. Qc2 Rd3 28. Bc4 Rd7 29. Be6 Rd6 30. Nxe4 Bxe4 31. Qxe4 Qxe4 32. Rxe4 Rxd2 33. g4 Rdd8 34. Kg2 Nf7 35. Bxf7 Rxf7 36. Re6 Rb7 37. Kf3 Kg8 38. Ke2 Kf7 39. Rf4 Re8 40. Rd6 Rbe7 41. Rf3 Rb8 42. Rf4 Rbb7 43. a4 g6 44.
fxg6+ Kxg6 45. Rdxf6+ Kg7 46. g5 Re5 47. R6f5 Rbe7 48.
Rf3 Rxf5 49. Rxf5 Re4 50. Rf6 Rxa4 51. Rxb6 c4 52. Kd2 Ra3 53. e4 Rg3 54. Rc6 Rxg5 55. b6 Rb5 56. Kc3 Rb4 57. Rc7+ Kg6 58. b7 h5 59. e5 Kf5 60. Rh7 Kg6 61. Rc7 Kf5 62. Rh7 Rxb7 63. Rxb7 Kxe5 64. Rb5+ Kf4 65. Rxh5 1-0

[Event "Late-Titled-Tuesday-Blitz-February-27-2024"]
[Site "Chess.com"]
[Date "2024.02.27"]
[Round "3"]
[White "lucliasco"]
[Black "lucasran"]
[Result "1-0"]
[WhiteElo "2894"]
[BlackElo "2611"]
[TimeControl "180+1"]
[EndTime "14:29:10 PST"]
[Termination "lucliasco won by resignation"]

1. e4 c6 2. d4 d5 3. exd5 cxd5 4. c4 Nf6 5. Nc3 Nc6 6. Nf3 Bg4 7. Be3 e6 8. c5 Be7 9. Be2 O-O 10. O-O b6 11.
Qa4 Qc7 12. Rac1 bxc5 13. dxc5 Bxf3 14. Bxf3 Rab8 15. b3 Rb4 16. Qa3 Rfb8 17. Bd2 Nd4 18. Ne2 Nxf3+ 19. gxf3 Rh4 20. Ng3 Nh5 21. b4 Bf6 22.
Rfe1 Bd4 23. Be3 Bxe3 24. Rxe3 Nxg3 25. hxg3 Rhxb4 26. Rb3 a5 27. Rxb4 Rxb4 28. c6 h6 29. Kg2 h5 30. Rc2 h4 31. g4 Rb1 32. Rc1 Rb4 33. Qe3 Rc4 34. Rxc4 dxc4 35. Qc5 g6 36. Qxc4 Kf8 37. Qc5+ Kg7 38. g5 Kg8 39. a4 Kg7 40. Qd4+ Kf8 41. Qd7 Qf4 42. Qd8+ Kg7 43. Qf6+ Qxf6 44.
gxf6+ Kxf6 45. c7 Ke7 46. c8=Q 1-0

[Event "Late-Titled-Tuesday-Blitz-February-27-2024"]
[Site "Chess.com"]
[Date "2024.02.27"]
[Round "3"]
[White "tandaleo"]
[Black "GoValya"]
[Result "1-0"]
[WhiteElo "2497"]
[BlackElo "2259"]
[TimeControl "180+1"]
[EndTime "14:29:10 PST"]
[Termination "tandaleo won by checkmate"]

1. d4 Nf6 2. Bf4 g6 3. e3 c5 4. c3 c4 5. Bxc4 d5 6. Bd3 Bg7 7. Nf3 O-O 8. O-O a6 9. Nbd2 b5 10. Ne5 Bb7 11. Qe2 Nbd7 12. Rfe1 Nh5 13. Nxd7 Qxd7 14. Nf3 Nxf4 15. exf4 e6 16. Ne5 Qc7 17. Qg4 Rfe8 18. Re3 Bxe5 19. fxe5 b4 20. Qh4 bxc3 21. bxc3 Qe7 22. Qh6 Qf8 23. Qf4 Rac8 24. Rb1 Bc6 25. h4 Ba4 26. h5 Rxc3 27. h6 Rec8 28. Rb7 Bc2 29. Bxa6 Bf5 30. a4 Rc1+ 31. Kh2 Ra1 32. Bd3 Rcc1 33. Bxf5 exf5 34. e6 Rh1+ 35. Kg3 fxe6 36.
Rxe6 Ra3+ 37. f3 Qd8 38. Rg7+ Kh8 39. Ree7 Rh5 40. Rxh7+ Kg8 41. Reg7+ Kf8 42. Rh8# 1-0

[Event "Late-Titled-Tuesday-Blitz-February-27-2024"]
[Site "Chess.com"]
[Date "2024.02.27"]
[Round "3"]
[White "toninhojit"]
[Black "ritanovikova"]
[Result "1-0"]
[WhiteElo "2481"]
[BlackElo "2233"]
[TimeControl "180+1"]
[EndTime "14:29:12 PST"]
[Termination "toninhojit won by resignation"]

1. d4 g6 2. c4 Bg7 3. e4 d6 4. Nc3 Nc6 5. Nge2 e5 6. Be3 exd4 7. Nxd4 Bd7 8. Qd2 Nxd4 9. Bxd4 Nf6 10. Be2 O-O 11. O-O Re8 12. Bf3 Bc6 13. Rfe1 Qd7 14. Rad1 Rad8 15. Qf4 Nh5 16. Bxh5 Bxd4 17. Rxd4 gxh5 18.
e5 Qg4 19. Qxg4+ hxg4 20. Rxg4+ Kf8 21. Rd4 dxe5 22. Rxd8 Rxd8 23. Rxe5 Rd2 24. Re2 Rd4 25. b3 Rd3 26. Rc2 b5 27. cxb5 Bxb5 28. h3 Bd7 29.
Ne2 c6 30. Kh2 Ke7 31. Nf4 Rd4 32. Re2+ Kd6 33. g3 a5 34. Re3 a4 35. Rd3 c5 36.
Rc3 axb3 37. axb3 Rb4 38. Kg1 Be6 39. Nxe6 fxe6 40. Kf1 Kd5 41. Ke2 Kd4 42. Kd2 e5 43. Kc2 Kd5 44. Rd3+ Ke4 45. f3+ Kf5 46. Kc3 Rd4 47.
Rxd4 exd4+ 48. Kd3 h5 49. g4+ hxg4 50. fxg4+ Kg5 51.
b4 cxb4 52. Kxd4 1-0

[Event "Late-Titled-Tuesday-Blitz-February-27-2024"]
[Site "Chess.com"]
[Date "2024.02.27"]
[Round "3"]
[White "manitodeplomo"]
[Black "ArturoCaceres"]
[Result "1-0"]
[WhiteElo "2669"]
[BlackElo "2470"]
[TimeControl "180+1"]
[EndTime "14:29:13 PST"]
[Termination "manitodeplomo won by checkmate"]

1. d4 b6 2. e4 Bb7 3. Bd3 e6 4. Nf3 d5 5. e5 c5 6. c3 Qd7 7. Qe2 a5 8. O-O Ba6 9. c4 Nc6 10. a3 Nh6 11. Bxh6 gxh6 12. cxd5 Bxd3 13. Qxd3 exd5 14. Nc3 c4 15. Qe3 Rg8 16. Nd2 Rg4 17.
Nf3 O-O-O 18. h3 Rg8 19. Kh1 Kb7 20. b3 cxb3 21. Rfb1 a4 22. Nxa4 Na5 23. Nc3 Nc4 24.
Qe2 b2 25. Ra2 Bxa3 26. Nd2 Nxd2 27. Qxd2 Ra8 28. Qc2 Rgc8 29. Qb3 Qc6 30. Nxd5 Qc1+ 31. Kh2 Rc6 32. Ne3 Qxb1 33. Qxf7+ Rc7 34. Qd5+ Kb8 35. Qd8+ Kb7 36. Qd5+ Rc6 37. Qd7+ Kb8 38. Qd8+ Ka7 39. Rxa3+ Kb7 40. Qxa8+ Kc7 41. Ra7# 1-0

[Event "Late-Titled-Tuesday-Blitz-February-27-2024"]
[Site "Chess.com"]
[Date "2024.02.27"]
[Round "3"]
[White "chessydotcom"]
[Black "jaskol95"]
[Result "0-1"]
[WhiteElo "2262"]
[BlackElo "2553"]
[TimeControl "180+1"]
[EndTime "14:29:14 PST"]
[Termination "jaskol95 won by resignation"]

1. e4 e6 2. d4 d5 3. e5 c5 4. c3 Qb6 5. Nf3 Bd7 6. Bd3 Bb5 7. O-O Nc6 8. Bxb5 Qxb5 9. a4 Qb6 10. dxc5 Bxc5 11.
b4 Be7 12. Be3 Qc7 13. Re1 Nh6 14. Na3 Nf5 15. Nb5 Qd7 16. Bf4 a6 17. Nbd4 Ncxd4 18. Nxd4 Nxd4 19. Qxd4 O-O 20. a5 Rfc8 21. Rad1 Qb5 22.
Qe3 Rc4 23. Qg3 Rac8 24. Re3 d4 25. Bh6 g6 26. Red3 Rxc3 27. h3 Rxd3 28. Rxd3 Qxb4 29. Kh2 Rc3 30. Qf3 Rxd3 31. Qxd3 Qc5 32. f4 Bf8 33.
Bg5 Qc3 34. Qd1 d3 35. h4 Qc2 36. Qxc2 dxc2 37. f5 exf5 38. Bc1 Bb4 39. Kg3 Bxa5 40. Kf4 Bc3 41. Ke3 Bxe5 42. Kd3 Bg3 43. Kxc2 Bxh4 0-1

[Event "Late-Titled-Tuesday-Blitz-February-27-2024"]
[Site "Chess.com"]
[Date "2024.02.27"]
[Round "3"]
[White "ArtemDyachuk"]
[Black "BogdanDeac"]
[Result "1-0"]
[WhiteElo "2694"]
[BlackElo "2949"]
[TimeControl "180+1"]
[EndTime "14:29:15 PST"]
[Termination "ArtemDyachuk won on time"]

1. d4 Nf6 2. Nf3 g6 3. Bf4 d6 4. e3 Nh5 5. Bg5 h6 6. Bh4 g5 7. Bg3 Nxg3 8. hxg3 Bg7 9. Bd3 b6 10. c3 Bb7 11. Nbd2 e6 12. Qc2 Nd7 13. O-O-O a6 14.
Kb1 c5 15. Nc4 Qc7 16. dxc5 Qxc5 17. Nfd2 d5 18. Nb3 Qc7 19. Ncd2 O-O-O 20. e4 Ne5 21.
Be2 dxe4 22. Nxe4 f5 23. Ned2 Rhe8 24. Rhe1 Kb8 25. Nd4 g4 26. f3 h5 27. Qa4 b5 28.
Qb3 Rd6 29. Bxb5 Bd5 30. Bc4+ Rb6 31. Qa4 Rd8 32. Bxd5 Rxd5 33. N2b3 Qc8 34. f4 Nc4 35. Re2 Ka7 36. Rde1 Bxd4 37. Nxd4 Nd6 38. Rxe6 Qxc3 39. Re7+ Nb7 40. Nb3 Qd3+ 41. Kc1 1-0